 Dungeon Crawl Stone Soup version 0.22.1-1-ga44c0e56f4 (webtiles) character file.

329 Knicklaso the Sneak (level 6, -8/28 HPs)
             Began as a Spriggan Enchanter on Sept 25, 2018.
             Was an Initiate of Sif Muna.
             Splashed by a jelly's acid (10 damage)
             ... on level 5 of the Dungeon.
             The game lasted 00:29:06 (5203 turns).

Knicklaso the Sneak (Spriggan Enchanter)            Turns: 5203, Time: 00:29:07

Health: -8/28      AC: -2    Str:  4    XL:     6   Next: 25%
Magic:  9/11       EV: 18    Int: 17    God:    Sif Muna [......]
Gold:   209        SH:  0    Dex: 18    Spells: 5/10 levels left

rFire    . . .     SeeInvis +   a - +1 dagger
rCold    . . .     Gourm    .   (shield restricted)
rNeg     . . .     Faith    .   b - +0 robe
rPois    .         Spirit   .   (helmet restricted)
rElec    .         Reflect  .   (no cloak)
rCorr    .         Harm     .   (gloves unavailable)
MR       +....                  (boots unavailable)
Stlth    +++.......             (no amulet)
HPRegen  0.09/turn              (no ring)
MPRegen  0.12/turn              (no ring)

@: corroded, very quick
A: very small, unfitting armour, see invisible, herbivore, speed 3, slow
metabolism 2
a: Renounce Religion


You were on level 5 of the Dungeon.
You worshipped Sif Muna.
Sif Muna was noncommittal.
You were near starving.

You visited 1 branch of the dungeon, and saw 5 of its levels.

You collected 209 gold pieces.

Inventory:

Hand Weapons
 a - a +1 dagger (weapon)
 e - a +3 whip
 u - a +0 dagger of protection
 v - a +0 short sword of speed
Missiles
 c - 39 arrows
Armour
 b - a +0 robe (worn)
Magical Staves
 t - an uncursed staff of cold
Jewellery
 l - an uncursed amulet of rage
Wands
 s - a wand of polymorph (13)
Scrolls
 f - a scroll of immolation {unknown}
 g - 6 scrolls of identify
 h - a scroll of blinking {unknown}
 k - 3 scrolls of amnesia {unknown}
 n - a scroll of teleportation {unknown}
 q - a scroll of remove curse
Potions
 m - a potion of heal wounds
 o - 2 potions of curing
 r - a potion of haste
 w - a potion of brilliance
Comestibles
 d - 12 rations


   Skills:
 + Level 5.2 Short Blades
 - Level 3.0 Dodging
 + Level 6.0 Stealth
 - Level 2.6 Spellcasting
 - Level 4.0 Hexes
 - Level 3.1 Translocations
 + Level 1.1 Ice Magic


You had 5 spell levels left.
You knew the following spells:

 Your Spells              Type           Power        Failure   Level  Hunger
a - Corona                Hex            ###....      3%          1    #......
b - Blink                 Tloc           N/A          8%          2    ##.....
c - Ensorcelled Hibernat  Hex/Ice        ##....       10%         2    ##.....

Your spell library contained the following spells:

 Spells                   Type           Power        Failure   Level  Hunger
 Slow                     Hex            ###.....     5%          2    ##.....
 Confuse                  Hex            ###.....     11%         3    ###....
 Tukima's Dance           Hex            ###.....     11%         3    ###....
 Magic Dart               Conj           #...         19%         1    #......
 Dazzling Spray           Conj/Hex       #.....       24%         3    ###....
 Call Imp                 Summ           #.......     26%         2    ##.....
 Conjure Flame            Conj/Fire      #.......     47%         3    ###....
 Mephitic Cloud           Conj/Pois/Air  #.......     47%         3    ###....


Dungeon Overview and Level Annotations

Branches:
Dungeon (5/15)             Temple (0/1) D:5

Altars:
Sif Muna


Innate Abilities, Weirdness & Mutations

You are very small and have problems with some larger weapons.
You are too small for most types of armour.
You have supernaturally acute eyesight. (SInv)
You are a herbivore.
You cover ground extremely quickly.
You need to consume almost no food.


Message History

You hit the jelly but do no damage.
Your hands burn!
You barely miss the jelly. The jelly completely misses you.
You hit the jelly but do no damage.
Your hands burn!
The jelly hits you.
You are splashed with acid!
The acid burns!
* * * LOW HITPOINT WARNING * * *
You hit the jelly but do no damage.
Your hands burn!
* * * LOW HITPOINT WARNING * * *
You hit the jelly. The acid corrodes you!
Your hands burn!
* * * LOW HITPOINT WARNING * * *
The jelly is lightly wounded.
The jelly closely misses you.
Casting: Ensorcelled Hibernation (safe; 10% risk of failure)
Confirm with . or Enter, or press ? or * to list all spells.
Aiming: Ensorcelled Hibernation (safe; 10% risk of failure)
Press: ? - help, Shift-Dir - straight line, f - jelly
Aim: a jelly (lightly wounded, chance to defeat MR: 50%)
The jelly resists with some effort.
The jelly hits you.
* * * LOW HITPOINT WARNING * * *
You are splashed with acid!
The acid burns!
You die...

##≈≈###8...8#
##### ####### ##
.$. # ###... .
.....# # ####....
# #.....# ##
#..J.# .# #.@# .#
#..# .# #..#
.##############..#
...........>.....#
###############..#
#..# ##... #####


You could see a jelly.

Vanquished Creatures
  2 scorpions
  An orc wizard (D:4)
  2 worker ants (D:4)
  A gnoll (D:2)
  4 adders (D:2)
  An ooze (D:2)
  An adder skeleton (D:4)
  4 worms
  2 dart slugs (D:1)
  3 leopard geckos
  5 orcs
  4 bats (D:1)
  5 giant cockroaches
  6 goblins
  6 hobgoblins
  2 jackals (D:4)
  2 quokkas
  3 ball pythons
  12 frilled lizards
  9 kobolds
  11 rats
86 creatures vanquished.

Notes
Turn   | Place    | Note
-------+----------+-------------------------------------------
     0 | D:1      | Knicklaso the Spriggan Enchanter began the quest for the
                  | Orb.
     0 | D:1      | Reached XP level 1. HP: 9/9 MP: 5/5
   239 | D:1      | Reached XP level 2. HP: 11/13 MP: 6/6
  1097 | D:1      | Reached XP level 3. HP: 12/16 MP: 8/8
  1799 | D:2      | Learned a level 2 spell: Blink
  1804 | D:2      | Learned a level 2 spell: Ensorcelled Hibernation
  1858 | D:2      | Reached XP level 4. HP: 11/21 MP: 6/9
  2025 | D:2      | Reached skill level 1 in Translocations
  2306 | D:2      | Reached skill level 5 in Stealth
  2306 | D:2      | Reached XP level 5. HP: 19/24 MP: 7/10
  4462 | D:4      | Reached skill level 5 in Short Blades
  4487 | D:4      | Reached XP level 6. HP: 19/28 MP: 9/11
  4526 | D:4      | Reached skill level 1 in Ice Magic
  4574 | D:4      | Found a deep blue altar of Sif Muna.
  4582 | D:4      | Became a worshipper of Sif Muna the Loreminder
  4616 | D:4      | Reached skill level 6 in Stealth
  5094 | D:5      | Entered Level 5 of the Dungeon
  5127 | D:5      | Found a staircase to the Ecumenical Temple.
  5203 | D:5      | Splashed by a jelly's acid

Skill      XL: |  1  2  3  4  5  6 |
---------------+-------------------+-----
Short Blades   | 2 3 4 5 |  5.2
Translocations | 2 3 |  3.1
Stealth        | 5 6 |  6.0
Hexes          | 4 |  4.0
Ice Magic      | 1 |  1.1
Dodging        | |  3.0
Spellcasting   | |  2.6

Action                   |  1- 3 |  4- 6 || total
-------------------------+-------+-------++-------
Melee: Dagger            |   202 |   185 ||   387
       Short sword       |       |    60 ||    60
 Cast: Ensorcelled Hiber |     1 |    20 ||    21
       Corona            |       |     8 ||     8
  Use: Potion            |     2 |       ||     2
       Scroll            |       |     5 ||     5
 Stab: Sleeping          |    11 |    17 ||    28
       Distracted        |     1 |     1 ||     2
  Eat: Ration            |       |     1 ||     1
Armor: Robe              |    19 |    11 ||    30
       Skin              |    13 |       ||    13
Dodge: Dodged            |   145 |   137 ||   282
